 Dungeon Crawl Stone Soup version 0.21.0-25-ge575cb9 (webtiles) character file.

322 doot the Covert (level 6, -2/42 HPs)
             Began as an Octopode Assassin on Jan 22, 2018.
             Slain by a gnoll
             ... wielding a +0 club
              (7 damage)
             ... while paralysed by Grinder
             ... on level 3 of the Dungeon on Jan 26, 2018.
             The game lasted 00:13:18 (2942 turns).

doot the Covert (Octopode Assassin)                 Turns: 2942, Time: 00:13:18

Health: -2/42      AC:  1    Str: 11    XL:     6   Next: 47%
Magic:  6/6        EV:  2    Int: 14    God:
Gold:   99         SH:  0    Dex: 14    Spells: 5/5 levels left

rFire    . . .     SeeInvis .   a - +2 dagger
rCold    . . .     Gourm    .   (no shield)
rNeg     . . .     Faith    .   (helmet restricted)
rPois    .         Spirit   .   (no amulet)
rElec    .         Reflect  .   (no ring)
rCorr    .         Harm     .   (no ring)
MR       .....                  (no ring)
Stlth    +++++.....             (no ring)
HPRegen  0.14/turn              (no ring)
MPRegen  0.10/turn              (no ring)
                                (no ring)
                                (no ring)

@: paralysed
A: almost no armour, stealthy swim, amphibious, 8 rings, constrict 8, camouflage
1, gelatinous body 1
a: no special abilities


You were on level 3 of the Dungeon.
You were not hungry.

You visited 1 branch of the dungeon, and saw 3 of its levels.

You collected 99 gold pieces.

Inventory:

Hand Weapons
 a - a +2 dagger (weapon)
 b - a +0 blowgun
Missiles
 c - 22 poisoned needles
 d - 2 curare-tipped needles
Wands
 g - a wand of iceblast (10)
 p - a wand of acid (10)
Scrolls
 h - a scroll of fear {unknown}
 i - 2 scrolls of identify
 j - a scroll of amnesia {unknown}
 o - a scroll of remove curse {unknown}
 q - a scroll of teleportation {unknown}
Potions
 e - 2 potions of resistance
 k - a potion of curing
 l - 2 potions of lignification {unknown}
 m - a potion of invisibility {unknown}
Comestibles
 f - 5 rations


   Skills:
 + Level 3.0 Fighting
 + Level 3.1 Short Blades
 + Level 3.0 Throwing
 + Level 2.1 Dodging
 + Level 8.2 Stealth


You had 5 spell levels left.
You didn't know any spells.

Dungeon Overview and Level Annotations

Branches:
Dungeon (3/15)

Altars:
Uskayaw
Xom

Annotations:
D:3 Grinder


Innate Abilities, Weirdness & Mutations

You cannot wear most types of armour.
You are very stealthy in the water. (Stealth+)
You are amphibious.
You can wear up to eight rings at the same time.
You can use your tentacles to constrict eight enemies at once.
Your skin changes colour to match your surroundings (Stealth+).
Your rubbery body absorbs attacks. (AC +1, EV +1)


Message History

The bat barely misses you. The bat closely misses you.
The bat hits you but does no damage. The bat hits you but does no damage.
Grinder blinks!
The bat barely misses you. The bat hits you. The bat closely misses you.
Grinder gestures at you.
You suddenly lose the ability to move!
The bat hits you but does no damage. Grinder hits you!
You writhe in agony.
The bat hits you but does no damage. The gnoll hits you with a club.
Grinder gestures at you.
You barely resist. The bat hits you. The bat barely misses you.
The gnoll hits you with a club! Grinder hits you!
* * * LOW HITPOINT WARNING * * *
You writhe in agony.
* * * LOW HITPOINT WARNING * * *
The bat hits you.
* * * LOW HITPOINT WARNING * * *
The gnoll hits you with a club!
You die...

#.###.#######.###
................#
...#.....####.#####
......# #......#
####..## #......#
####...# #......#
..#..#.#####...g..#
...............5g.#
...........#...b@.#
......#############
......# ......#
......# ##....#
#..##.# #.###.#
#.##..#


You could see Grinder, 2 gnolls and a bat.

Vanquished Creatures
  A howler monkey (D:3)
  Ijyb (D:2)
  Terence (D:2)
  Natasha (thrice) (D:2)
  2 worker ants (D:2)
  2 gnolls
  2 adders
  2 worms (D:2)
  5 dart slugs
  A leopard gecko (D:2)
  2 orcs (D:3)
  8 bats
  4 giant cockroaches
  9 goblins
  8 hobgoblins
  2 quokkas
  A ball python (D:2)
  2 frilled lizards (D:3)
  4 kobolds
  5 rats
65 creatures vanquished.

Notes
Turn   | Place    | Note
-------+----------+-------------------------------------------
     0 | D:1      | doot the Octopode Assassin began the quest for the Orb.
     0 | D:1      | Reached XP level 1. HP: 14/14 MP: 1/1
   106 | D:1      | Reached XP level 2. HP: 19/19 MP: 2/2
   189 | D:1      | Reached skill level 6 in Stealth
   367 | D:1      | Reached XP level 3. HP: 25/25 MP: 3/3
   933 | D:2      | Reached XP level 4. HP: 30/30 MP: 4/4
  1068 | D:2      | Found an iron altar of Okawaru.
  1070 | D:2      | Found a shadowy altar of Dithmenos.
  1070 | D:2      | Found a radiant altar of Vehumet.
  1070 | D:2      | Noticed Terence
  1174 | D:2      | Found a sparkling altar of Nemelex Xobeh.
  1174 | D:2      | Found a shimmering altar of Xom.
  1174 | D:2      | Found a stormy altar of Qazlal.
  1214 | D:2      | Killed Terence
  1214 | D:2      | Reached skill level 7 in Stealth
  1502 | D:2      | Reached XP level 5. HP: 35/35 MP: 5/5
  1573 | D:2      | Found a hide-covered altar of Uskayaw.
  1573 | D:2      | Noticed Natasha
  1581 | D:2      | Killed Natasha
  1768 | D:2      | Noticed Natasha
  1779 | D:2      | Killed Natasha
  2074 | D:2      | Noticed Natasha
  2094 | D:2      | Killed Natasha
  2200 | D:3      | Noticed Ijyb
  2291 | D:2      | Killed Ijyb
  2369 | D:3      | Reached skill level 8 in Stealth
  2456 | D:2      | Reached XP level 6. HP: 32/41 MP: 6/6
  2919 | D:3      | Noticed Grinder
  2924 | D:3      | Paralysed by Grinder for 2 turns
  2938 | D:3      | Paralysed by Grinder for 6 turns
  2942 | D:3      | Slain by a gnoll

Skill      XL: |  1  2  3  4  5  6 |
---------------+-------------------+-----
Stealth        | 6 7 8 |  8.2
Short Blades   | 3 |  3.1
Dodging        | 2 |  2.1
Fighting       | 3 |  3.0
Throwing       | 3 |  3.0

Action                   |  1- 3 |  4- 6 || total
-------------------------+-------+-------++-------
Melee: Dagger            |    38 |    90 ||   128
       Constrict         |     7 |    21 ||    28
       Tentacles         |     5 |    13 ||    18
 Fire: Blowgun           |     4 |    42 ||    46
  Use: Scroll            |       |     1 ||     1
 Stab: Sleeping          |    10 |     9 ||    19
  Eat: Chunk             |       |     6 ||     6
Armor: Skin              |     1 |    21 ||    22
Dodge: Dodged            |    14 |    97 ||   111
